Map: Ruins of Endion

Players

Mindele

  • Race: Terran Terran
  • League: Bronze

BOONGO - Winner!

  • Race: Zerg Zerg
  • League: Bronze

VOD

Have the link to the VOD?

Description

Time

  • Played on: May 27, 2016, 7:22 p.m.
  • Length: 7:24
Show
View Real Time Build Order
Export as new Build Order

Mindele Terran 

Build Orders:  

Get SALT Encoding   

  12  0:01  SCV  
  13  0:13  SCV  
  14  0:18  Supply Depot  
  14  0:25  SCV  
  15  0:40  SCV  
  15  0:41  Barracks  
  16  0:52  SCV  
  16  0:56  Barracks  
  17  1:07  SCV  
  18  1:15  Barracks  
  18  1:20  SCV  
  19  1:29  Marine  
  20  1:34  SCV  
  20  1:36  Supply Depot  
  21  1:48  Marine  
  21  1:51  Orbital Command  
  22  1:54  Marine  
  23  2:03  Marine  
  23  2:06  Supply Depot  
  23  2:07  Marine  
  25  2:23  Marine x2  
  25  2:24  Barracks  
  25  2:29  Marine  
  28  2:38  Supply Depot  
  28  2:42  Marine x2  
  30  2:55  Marine  
  31  3:00  Marine  
  31  3:01  Supply Depot  
  32  3:06  Marine  
  32  3:07  Barracks  
  33  3:13  Marine  
  33  3:14  Marine  
  33  3:19  Marine  
  36  3:23  Marine  
  37  3:27  Supply Depot  
  37  3:30  Refinery  
  37  3:31  Marine  
  37  3:32  SCV, Refinery  
  37  3:46  Marine x2  
  32  3:54  Marine x2  
  28  4:00  Marine  
  28  4:04  Marine  
  28  4:09  Marine  
  29  4:11  Marine  
  31  4:17  Marine  
  31  4:18  Marine  
  32  4:29  Marine  
  32  4:32  Marine  
  32  4:35  Marine x2  
  32  4:50  Factory  
  32  4:52  Marine x2  
  32  5:03  Marine x2  
  34  5:10  Marine  
  36  5:21  Marine  
  33  5:26  Marine  
  33  5:28  Marine  
  35  5:39  Marine  
  35  5:40  Factory Tech Lab  
  35  5:49  Marine  
  34  5:56  Supply Depot  
  33  6:17  Siege Tank  
  25  6:37  Bunker  
Show
View Real Time Build Order
Export as new Build Order

BOONGO Zerg - Winner!

Build Orders: 3 Hatch before Pool 

Get SALT Encoding   

  12  0:01  Drone  
  13  0:13  Overlord  
  13  0:18  Drone  
  14  0:34  Drone x2  
  16  0:38  Drone  
  17  1:05  Hatchery  
  16  1:24  Hatchery  
  15  1:35  Spawning Pool  
  15  1:39  Drone  
  15  1:41  Drone  
  16  1:50  Drone  
  17  2:08  Overlord  
  17  2:09  Drone  
  18  2:34  Queen  
  20  2:48  Queen  
  22  2:57  Spine Crawler  
  22  2:58  Spine Crawler  
  20  2:59  Spine Crawler  
  20  3:03  Spine Crawler  
  18  3:10  Zergling x4  
  18  3:11  Zergling x2  
  19  3:16  Zergling x6  
  22  3:25  Zergling x2  
  23  3:34  Zergling x4  
  25  3:47  Zergling x4  
  25  3:52  Queen  
  27  4:18  Zergling x6  
  27  4:19  Zergling x2, Overlord x2  
  31  4:32  Zergling x4  
  32  4:40  Queen  
  33  4:46  Extractor  
  31  4:56  Zergling x2  
  29  5:04  Zergling x4  
  31  5:14  Zergling x4  
  32  5:22  Zergling x4  
  32  5:23  Zergling x2  
  34  5:30  Zergling x4  
  36  5:40  Zergling x4  
  35  5:52  Drone  
  35  6:18  Zergling x6  
  35  6:19  Zergling x4  
  39  6:26  Zergling x6  
  40  6:33  Zergling x4  
  40  6:46  Zergling x4  
  41  6:49  Zergling x2  
Tags
 
Add a new tag
Caveats
  • Supply blocks, unpowered buildings, or Contaminate may cause inaccurate times.
  • Supply counts are checked every 10 seconds.